 Dungeon Crawl Stone Soup version 0.16-a0-3420-gb95a3aa (webtiles) character file.

4683 Charly the Cleaver (level 10, -15/47 HPs)
             Began as a Vine Stalker Fighter on Dec 31, 2014.
             Was a Believer of Qazlal.
             Killed from afar by a molten gargoyle (19 damage)
             ... with a bolt of magma
             ... in a volcano.
             The game lasted 00:41:05 (2988 turns).

Charly the Cleaver (Vine Stalker Fighter)           Turns: 2988, Time: 00:41:05

Health: -15/47     AC: 15    Str: 20    XL:     10   Next: 44%
Magic:  0/20       EV:  5    Int: 11    God:    Qazlal [**....]
Gold:   169        SH: 11    Dex: 13    Spells: 0 memorised, 9 levels left

rFire  + . .     SeeInvis .     a - +0 war axe
rCold  . . .     Clarity  .     w - +3 chain mail {rF+}
rNeg   . . .     SustAb   .     c - +0 shield
rPois  .         Gourm    .     t - +0 helmet
rElec  .         Spirit   +     (no cloak)
rCorr  .         Warding  .     (no gloves)
rMut   .         Stasis   .     (no boots)
MR     +....                    (no amulet)
Stlth  ..........               (no ring)
                                k - +3 ring of protection

@: flying, somewhat resistant to hostile enchantments, extremely unstealthy
A: fangs 3, blink 1, regeneration 2, magic shield, antimagic bite, no device
heal 3, rot immunity, MP-powered wands 1
a: Blink, Upheaval, Renounce Religion


You were in a volcano.
You worshipped Qazlal.
Qazlal was pleased with you.
You were not hungry.

You visited 2 branches of the dungeon, and saw 9 of its levels.
You also visited: Volcano.

You collected 299 gold pieces.
You spent 130 gold pieces at shops.

Inventory:

Hand weapons
 a - a +0 war axe (weapon)
Missiles
 b - 14 poisoned needles
Armour
 c - a +0 shield (worn)
 t - a +0 helmet (worn)
 w - a +3 chain mail of fire resistance (worn)
Jewellery
 k - a +3 ring of protection (left hand)
 v - an uncursed ring of ice
Magical devices
 f - a wand of flame (32)
Scrolls
 g - a scroll of remove curse
 s - a scroll of enchant armour
 u - a scroll of fear {unknown}
Potions
 e - a potion of resistance {unknown}
 h - a potion of ambrosia
 l - 2 potions of curing
 m - a potion of haste {unknown}
 q - a potion of cancellation {unknown}
 r - a potion of flight
 x - a potion of invisibility {unknown}
Comestibles
 d - 8 bread rations
 j - 6 beef jerkies
 p - a slice of pizza


   Skills:
 - Level 2.6 Fighting
 + Level 12.4 Axes
 - Level 2.4 Armour
 - Level 2.6 Shields
 + Level 5.7 Invocations


You had 9 spell levels left.
You didn't know any spells.

Dungeon Overview and Level Annotations

Branches:
Dungeon (8/15)             Temple (0/1) D:6            Lair (1/8) D:8

Altars:
Ashenzari
Elyvilon
Gozag
Kikubaaqudgha
Makhleb
Qazlal
Sif Muna
Xom

Shops:
D:7 [

Annotations:
D:6 ThermosAquaticus' ghost, experienced HESk
D:8 Erolcha


Innate Abilities, Weirdness & Mutations

You have razor-sharp teeth.
You heal very quickly.
When hurt, damage is shared between your health and your magic reserves.
Your bite disrupts and absorbs the magic of your enemies.
Potions and wands cannot restore your health.
You are immune to rotting.
You can translocate small distances at will.
You expend magic power (3 MP) to slightly strengthen your wands.


Message History

Here: a molten gargoyle, wielding a flail An open door.
Drink which item? (? for menu, Esc to quit)
Okay, then.
Read which item? (? for menu, Esc to quit)
As you read the scroll labeled CUENIA QAIL, it crumbles to dust.
You feel aware of your surroundings.
It was a scroll of magic mapping.
The lindwurm roars!
You block the molten gargoyle's attack. The lindwurm breathes flames at you.
The blast of flame hits the molten gargoyle.
The molten gargoyle completely resists.
The blast of flame hits you! You resist.
* * * LOW HITPOINT WARNING * * *
Read which item? (? for menu, Esc to quit)
As you read the scroll labeled XEEH JASUARR, it crumbles to dust.
The scroll dissolves into smoke.
It was a scroll of fog.
The molten gargoyle blasts magma at you!
The bolt of magma hits you! You partially resist.
You die...

#8.8###......#
##.## ##....## #.#
#..###
########'##**####
##....##...#*,,,,**
#......k.∩.+,,,,,,*
#.8..⌠k#§9§#,⌠,,8,*
#......##9##,,,,,,*
##....##§@§#*,,,,**
###8###§§§#**8***
*#[!)'§§§#,,,**
*.[$$#...',,,,*
#######.###**** ###


You could see 2 molten gargoyles.

Vanquished Creatures
  Joseph (D:8)
  2 fire drakes
  2 fire bats (Volcano)
  The ghost of miro the Covered, an average GrFi (D:4)
  4 porcupines (Lair:1)
  6 wolves (Lair:1)
  A phantom (D:5)
  A sky beast (D:5)
  A necrophage (D:8)
  2 ogres
  3 crocodiles (Lair:1)
  Duvessa (D:8)
  A big kobold (D:8)
  3 giant frogs
  2 scorpions
  4 wights (D:8)
  An electric eel (Lair:1)
  Dowan (D:8)
  3 hounds
  A quasit (D:8)
  3 lava snakes (Volcano)
  3 orc priests
  A centaur skeleton (D:3)
  2 orc wizards (D:4)
  A centaur zombie (D:6)
  A human skeleton (D:8)
  5 worker ants
  6 sheep (Lair:1)
  5 iguanas
  10 adders
  3 gnolls (D:5)
  2 shadow imps
  A giant mite (D:7)
  2 adder skeletons
  2 adder zombies
  3 giant geckos
  2 oozes (D:5)
  8 orcs
  4 bats
  A bat skeleton (D:3)
  A bat zombie (D:3)
  2 giant cockroaches
  3 goblins
  6 hobgoblins
  6 jackals
  14 kobolds
  2 ball pythons
  A giant cockroach zombie (D:3)
  A giant gecko skeleton (D:5)
  A giant newt (D:3)
  4 quokkas
  A quokka skeleton (D:3)
  2 rats
  A plant (Lair:1)
151 creatures vanquished.

Notes
Turn   | Place    | Note
--------------------------------------------------------------
     0 | D:1      | Charly, the Vine Stalker Fighter, began the quest for the Orb.
     0 | D:1      | Reached XP level 1. HP: 11/11 MP: 1/1
    24 | D:2      | Reached XP level 2. HP: 11/16 MP: 3/3
   118 | D:2      | Found an ancient bone altar of Kikubaaqudgha.
   205 | D:3      | Reached skill level 3 in Axes
   205 | D:3      | Reached XP level 3. HP: 2/19 MP: 0/4
   233 | D:3      | Reached XP level 4. HP: 10/23 MP: 5/5
   380 | D:2      | Reached skill level 4 in Axes
   558 | D:4      | Found a burning altar of Makhleb.
   589 | D:4      | Reached XP level 5. HP: 22/27 MP: 7/7
   620 | D:4      | Noticed miro's ghost (average GrFi)
   626 | D:4      | Killed miro's ghost
   626 | D:4      | Reached skill level 5 in Axes
   626 | D:4      | Gained mutation: You heal very quickly. [vine stalker growth]
   626 | D:4      | Reached XP level 6. HP: 10/32 MP: 1/8
   931 | D:4      | Reached skill level 6 in Axes
  1067 | D:5      | Entered Level 5 of the Dungeon
  1097 | D:5      | Reached XP level 7. HP: 31/35 MP: 9/9
  1181 | D:5      | Reached skill level 7 in Axes
  1329 | D:5      | Reached skill level 8 in Axes
  1368 | D:5      | Gained mutation: You have razor-sharp teeth. [vine stalker growth]
  1368 | D:5      | Reached XP level 8. HP: 32/39 MP: 11/11
  1378 | D:5      | Found a deep blue altar of Sif Muna.
  1385 | D:5      | Found a white marble altar of Elyvilon.
  1385 | D:5      | Found a stormy altar of Qazlal.
  1391 | D:5      | Found a shattered altar of Ashenzari.
  1393 | D:5      | Found a shimmering altar of Xom.
  1407 | D:5      | Became a worshipper of Qazlal Stormbringer
  1461 | D:5      | Found a burning altar of Makhleb.
  1461 | D:5      | Noticed a balrug
  1569 | D:6      | Found a staircase to the Ecumenical Temple.
  1573 | D:6      | Noticed ThermosAquaticus' ghost (experienced HESk)
  1621 | D:6      | Found an opulent altar of Gozag.
  1718 | D:7      | Found Nainla Khudo's Antique Armour Shop.
  1721 | D:7      | Bought a shiny chain mail for 130 gold pieces
  1781 | D:8      | Noticed Duvessa
  1782 | D:8      | Noticed Dowan
  1789 | D:8      | Killed Duvessa
  1789 | D:8      | Reached skill level 9 in Axes
  1839 | D:8      | Noticed Joseph
  1850 | D:8      | Gained mutation: You expend magic power (3 MP) to slightly strengthen your wands. [potion of mutation]
  1850 | D:8      | Gained mutation: You can translocate small distances at will. [potion of mutation]
  1851 | D:8      | Gained mutation: Your body is slowly deteriorating. [potion of mutation]
  1851 | D:8      | Lost mutation: Your body is slowly deteriorating. [potion of mutation]
  1871 | D:8      | Killed Joseph
  1871 | D:8      | Reached skill level 10 in Axes
  2024 | D:8      | Acquired Qazlal's first power
  2027 | D:8      | Reached XP level 9. HP: 43/43 MP: 12/12
  2131 | D:8      | Killed Dowan
  2190 | D:8      | Reached skill level 11 in Axes
  2360 | D:8      | Noticed Erolcha
  2394 | D:8      | Found a staircase to the Lair.
  2405 | Lair:1   | Entered Level 1 of the Lair of Beasts
  2444 | Lair:1   | Reached skill level 1 in Invocations
  2519 | Lair:1   | Noticed a fire drake
  2534 | Lair:1   | Killed a fire drake
  2548 | Lair:1   | HP: 2/43 [wolf (2)]
  2549 | Lair:1   | Reached XP level 10. HP: 2/47 MP: 7/19
  2549 | Lair:1   | Reached skill level 12 in Axes
  2561 | Lair:1   | Acquired Qazlal's second power
  2697 | Lair:1   | Reached skill level 5 in Invocations
  2841 | Lair:1   | Found a dark tunnel.
  2849 | Volcano  | Entered a volcano
  2965 | Volcano  | Found a burning altar of Makhleb.
  2965 | Volcano  | Noticed a lindwurm
  2968 | Volcano  | Noticed a molten gargoyle
  2978 | Volcano  | Noticed a molten gargoyle
  2988 | Volcano  | Killed from afar by a molten gargoyle

Action                   |  1- 3 |  4- 6 |  7- 9 | 10-12 || total
-------------------------+-------+-------+-------+-------++-------
Melee: War axe           |    38 |   112 |   341 |    81 ||   572
Throw: Throwing net      |       |       |     1 |       ||     1
Invok: Upheaval          |       |       |       |     2 ||     2
  Use: Potion            |     1 |     1 |     6 |     1 ||     9
       Scroll            |       |       |     6 |     4 ||    10
  Eat: Beef jerky        |       |     1 |     1 |       ||     2
       Meat ration       |       |       |     1 |       ||     1
